Tampa Bay Lightning vs Colorado Rockies
(R2)
Created - Monday, May 20, 2024 at 07:43
Goals
|
| Tampa Bay Lightning |
0 |
0 |
2 |
0 |
1 |
2 |
| Colorado Rockies |
0 |
1 |
1 |
0 |
2 |
3 |
|
Shots
|
| Tampa Bay Lightning |
6 |
10 |
15 |
2 |
3 |
33 |
| Colorado Rockies |
10 |
13 |
13 |
3 |
2 |
39 |
|
1st period
No Goal
Penalties :
Darnell Nurse (TBL) for Hooking (Minor) at 10:50, Travis Konecny (TBL) for Holding Stick (Minor) at 14:39
2nd period
1. Colorado Rockies , Kyle Connor 24 (Unassisted) at 17:54
Penalties :
Travis Konecny (TBL) for Holding Stick (Minor) at 1:16
3rd period
2. Tampa Bay Lightning , Dylan Cozens 13 (Travis Konecny 38, Logan Couture 29) at 0:18
3. Colorado Rockies , Kyle Connor 25 (Vince Dunn 16, David Pastrnak 37) at 13:53
4. Tampa Bay Lightning , Roope Hintz 13 (Kirill Kaprizov 30, Anze Kopitar 49) at 18:30 (PP)
Penalties :
Kyle Connor (COL) for Roughing (Minor) at 2:21, Darnell Nurse (TBL) for Roughing (Minor) at 4:51, Darnell Nurse (TBL) for Interference (Minor) at 11:39, Martin Fehervary (COL) for Hooking (Minor) at 18:20
Overtime #1
No Goal
Penalties :
No Penalty
Shootout
Tampa Bay Lightning, Gustav Nyquist - Stopped by Joey Daccord
Colorado Rockies, Ryan O'Reilly - Goal!
Tampa Bay Lightning, Kirill Kaprizov - Goal!
Colorado Rockies, Michael Bunting - Goal!
Tampa Bay Lightning, Logan Couture - Stopped by Joey Daccord
Penalties :
No Penalty
Goalie Stats
Filip Gustavsson (TBL), 37 saves from 39 shots - (0.949), OTL, 37-16-4, 65:00 minutes
Joey Daccord (COL), 31 saves from 33 shots - (0.939), W, 13-11-2, 65:00 minutes
Players Stats for Tampa Bay Lightning
Player Name G A P +/- PIM S H SB GA TA FO MP PP MP PK MP
------------------------------------------------------------------------------------
Anze Kopitar 0 1 1 0 0 2 0 2 1 1 13/22 20:30 1:09 0:11
Blake Lizotte 0 0 0 0 0 0 0 0 0 0 0/0 0:00 0:00 0:00
Darnell Nurse 0 0 0 0 6 4 2 4 0 0 0/0 26:30 0:46 1:38
Dylan Cozens 1 0 1 -1 0 5 2 1 1 1 7/12 22:13 0:00 5:01
Gustav Nyquist 0 0 0 0 0 3 1 0 0 0 0/0 17:07 0:00 4:43
Hampus Lindholm 0 0 0 -1 0 0 2 1 0 0 0/0 23:30 0:46 3:09
Johnny Gaudreau 0 0 0 0 0 0 0 1 3 1 1/2 17:45 1:00 0:00
Kirill Kaprizov 0 1 1 0 0 6 3 0 0 1 0/0 18:14 1:09 0:11
Logan Couture 0 1 1 0 0 1 0 2 0 0 20/33 21:59 1:00 4:43
Michael Matheson 0 0 0 0 0 1 0 2 0 0 0/0 14:27 1:23 0:00
Moritz Seider 0 0 0 0 0 0 1 4 1 0 0/0 29:01 1:23 5:08
Roope Hintz 1 0 1 0 0 3 0 0 0 1 4/8 14:11 1:09 0:00
Ryan Graves 0 0 0 -1 0 2 0 3 0 0 0/0 16:38 0:00 5:08
Tomas Hertl 0 0 0 0 0 0 2 0 0 0 0/1 6:31 0:00 0:00
Travis Konecny 0 1 1 0 4 1 1 0 1 0 0/1 18:37 1:00 0:00
Trevor Moore 0 0 0 -1 0 4 1 1 1 0 1/1 18:11 0:00 5:01
Tyler Toffoli 0 0 0 0 0 1 1 0 0 0 0/0 4:23 0:00 0:00
Vladislav Gavrikov 0 0 0 -1 0 0 1 2 0 1 0/0 20:13 0:00 4:47
Players Stats for Colorado Rockies
Player Name G A P +/- PIM S H SB GA TA FO MP PP MP PK MP
------------------------------------------------------------------------------------
Andrew Peeke 0 0 0 0 0 4 1 0 1 1 0/0 24:35 4:59 1:13
David Pastrnak 0 1 1 0 0 1 4 0 1 0 0/2 20:21 4:58 0:00
Jakub Vrana 0 0 0 0 0 1 0 1 0 0 0/0 7:58 0:00 0:00
Jesper Bratt 0 0 0 -1 0 4 0 0 0 1 0/1 17:56 4:55 0:00
Kevin Hayes 0 0 0 0 0 4 0 0 0 0 0/0 13:23 0:00 0:00
Kyle Connor 2 0 2 2 2 3 1 0 1 0 0/1 19:04 4:58 0:00
Kyle Palmieri 0 0 0 0 0 2 0 0 0 0 0/0 7:58 0:00 0:00
Martin Fehervary 0 0 0 0 2 1 0 0 0 2 0/0 15:56 0:00 0:00
Michael Bunting 0 0 0 0 0 1 1 0 2 1 0/2 14:52 0:48 0:00
Nick Bonino 0 0 0 0 0 0 0 3 0 0 3/6 13:47 4:09 1:09
Nick Schmaltz 0 0 0 0 0 7 0 0 0 1 5/14 13:29 0:02 0:00
Nikita Kucherov 0 0 0 1 0 1 3 0 0 0 0/0 22:00 4:56 1:00
Nikita Zadorov 0 0 0 1 0 0 0 0 0 0 0/0 13:27 0:00 0:56
Ryan O'Reilly 0 0 0 1 0 1 3 0 0 0 12/27 21:00 4:57 1:00
Tim Stutzle 0 0 0 0 0 4 3 0 1 0 14/27 22:02 4:58 1:09
Timothy Liljegren 0 0 0 1 0 0 1 0 0 0 0/0 10:01 0:00 0:00
Victor Hedman 0 0 0 0 0 3 2 3 0 2 0/0 30:10 4:56 1:13
Vince Dunn 0 1 1 -1 0 2 2 2 0 0 0/0 29:49 4:59 0:56
3 Stars
1 - Kyle Connor (COL)
2 - Filip Gustavsson (TBL)
3 - Joey Daccord (COL)
Power Play
Tampa Bay Lightning - 1 on 3 Attempt(s) - 33.33%
Colorado Rockies - 0 on 4 Attempt(s) - 0.00%
Penalty Kill
Tampa Bay Lightning - 4 on 4 Attempt(s) - 100.00%
- Score 0 goal in Penalty Kill
Colorado Rockies - 2 on 3 Attempt(s) - 66.67%
- Score 0 goal in Penalty Kill
Team Stat
Tampa Bay Lightning - Hits : 17 - Faceoff Wins : 46 - Blocked Shots : 23 - Penalty Minutes : 10
Colorado Rockies - Hits : 21 - Faceoff Wins : 34 - Blocked Shots : 9 - Penalty Minutes : 4
Official
Referees : Eric Furlatt and Jon Mclsaac
Linesman : Bryan Pancich and John Grandt
Game Notes
17:54 of 2nd period - Penalty Shot by Kyle Connor for Colorado Rockies - Goal!
Finance
Level 1 -- Attendance: 5792 (96.53%) -- Ticket Income $521,280
Level 2 -- Attendance: 4772 (95.44%) -- Ticket Income $262,460
Level 3 -- Attendance: 2167 (72.23%) -- Ticket Income $75,845
Level 4 -- Attendance: 3829 (76.58%) -- Ticket Income $95,725
Luxury Box -- Attendance: 908 (90.80%) -- Ticket Income $158,900
Game was played at the Pepsi Center.
Total Attendance: 17468 (87.34%)
Total Ticket Income: $1,114,210
Other Income: $389,974
Total Income: $1,504,184
Tampa Bay Lightning
5 vs 5 Forward
Center Left Wing Right Wing Time % Phy DF OF
1 Anze Kopitar Johnny Gaudreau Kirill Kaprizov 40 0 1 4
2 Logan Couture Dylan Cozens Travis Konecny 35 0 1 4
3 Roope Hintz Trevor Moore Gustav Nyquist 20 0 3 2
4 Tomas Hertl Travis Konecny Tyler Toffoli 5 0 3 2
5 vs 5 Defense
Defense Defense Time % Phy DF OF
1 Darnell Nurse Moritz Seider 40 1 3 1
2 Vladislav Gavrikov Hampus Lindholm 35 1 3 1
3 Michael Matheson Ryan Graves 25 1 3 1
4 Darnell Nurse Hampus Lindholm 0 1 3 1
PowerPlay Forward
Center Left Wing Right Wing Time % Phy DF OF
1 Logan Couture Johnny Gaudreau Travis Konecny 50 0 0 5
2 Anze Kopitar Roope Hintz Kirill Kaprizov 50 0 0 5
PowerPlay Defense
Defense Defense Time % Phy DF OF
1 Moritz Seider Michael Matheson 50 0 2 3
2 Darnell Nurse Hampus Lindholm 50 0 2 3
Penalty Kill 4 Players Forward
Center Wing Time % Phy DF OF
1 Logan Couture Gustav Nyquist 50 1 4 0
2 Dylan Cozens Trevor Moore 50 1 4 0
Penalty Kill 4 Players Defense
Defense Defense Time % Phy DF OF
1 Vladislav Gavrikov Darnell Nurse 50 1 4 0
2 Ryan Graves Moritz Seider 50 1 4 0
Penalty Kill - 3 Players Forward
Forward Time % Phy DF OF
1 Anze Kopitar 50 1 4 0
2 Logan Couture 50 1 4 0
Penalty Kill - 3 Players Defense
Defense Defense Time % Phy DF OF
1 Vladislav Gavrikov Darnell Nurse 50 1 4 0
2 Ryan Graves Moritz Seider 50 1 4 0
4 vs 4 Forward
Center Wing Time % Phy DF OF
1 Anze Kopitar Dylan Cozens 50 0 3 2
2 Logan Couture Tomas Hertl 50 0 3 2
4 vs 4 Defense
Defense Defense Time % Phy DF OF
1 Darnell Nurse Hampus Lindholm 50 1 3 1
2 Moritz Seider Michael Matheson 50 1 3 1
Last Minutes Offensive
Center Left Wing Right Wing Defense Defense
Anze Kopitar Kirill Kaprizov Travis Konecny Darnell Nurse Hampus Lindholm
Last Minutes Defensive
Center Left Wing Right Wing Defense Defense
Anze Kopitar Kirill Kaprizov Travis Konecny Darnell Nurse Hampus Lindholm
Goaltenders
Starting : Filip Gustavsson
Backup : Jeremy Swayman
Extra Forwards
Normal : Dylan Cozens, Trevor Moore, Roope Hintz - PP : Dylan Cozens, Tyler Toffoli - PK : Anze Kopitar
Extra Defensemen
Normal : Moritz Seider, Darnell Nurse, Michael Matheson - PP : Ryan Graves - PK : Hampus Lindholm, Darnell Nurse
Penalty Shots
Gustav Nyquist, Kirill Kaprizov, Logan Couture, Trevor Moore, Anze Kopitar
Colorado Rockies
5 vs 5 Forward
Center Left Wing Right Wing Time % Phy DF OF
1 Ryan O'Reilly Kyle Connor Nikita Kucherov 30 1 2 2
2 Tim Stutzle Jesper Bratt David Pastrnak 30 1 2 2
3 Nick Schmaltz Michael Bunting Kevin Hayes 25 1 2 2
4 Nick Bonino Jakub Vrana Kyle Palmieri 15 1 2 2
5 vs 5 Defense
Defense Defense Time % Phy DF OF
1 Victor Hedman Vince Dunn 42 1 2 2
2 Andrew Peeke Martin Fehervary 36 1 2 2
3 Nikita Zadorov Timothy Liljegren 22 1 2 2
4 Victor Hedman Andrew Peeke 0 1 2 2
PowerPlay Forward
Center Left Wing Right Wing Time % Phy DF OF
1 Tim Stutzle Kyle Connor David Pastrnak 50 1 2 2
2 Ryan O'Reilly Jesper Bratt Nick Bonino 50 1 2 2
PowerPlay Defense
Defense Defense Time % Phy DF OF
1 Nikita Kucherov Victor Hedman 50 1 2 2
2 Vince Dunn Andrew Peeke 50 1 2 2
Penalty Kill 4 Players Forward
Center Wing Time % Phy DF OF
1 Ryan O'Reilly Nikita Kucherov 50 1 2 2
2 Nick Bonino Tim Stutzle 50 1 2 2
Penalty Kill 4 Players Defense
Defense Defense Time % Phy DF OF
1 Victor Hedman Andrew Peeke 50 1 2 2
2 Vince Dunn Nikita Zadorov 50 1 2 2
Penalty Kill - 3 Players Forward
Forward Time % Phy DF OF
1 Ryan O'Reilly 50 1 2 2
2 Nick Bonino 50 1 2 2
Penalty Kill - 3 Players Defense
Defense Defense Time % Phy DF OF
1 Andrew Peeke Victor Hedman 50 1 2 2
2 Nikita Zadorov Vince Dunn 50 1 2 2
4 vs 4 Forward
Center Wing Time % Phy DF OF
1 Tim Stutzle Nikita Kucherov 50 1 2 2
2 Ryan O'Reilly David Pastrnak 50 1 2 2
4 vs 4 Defense
Defense Defense Time % Phy DF OF
1 Victor Hedman Vince Dunn 50 1 2 2
2 Andrew Peeke Nikita Zadorov 50 1 2 2
Last Minutes Offensive
Center Left Wing Right Wing Defense Defense
Ryan O'Reilly Kyle Connor Nikita Kucherov Victor Hedman Vince Dunn
Last Minutes Defensive
Center Left Wing Right Wing Defense Defense
Ryan O'Reilly Kyle Connor Nikita Kucherov Victor Hedman Vince Dunn
Goaltenders
Starting : Joey Daccord
Backup : Andrei Vasilevskiy
Extra Forwards
Normal : Michael Bunting, Ryan O'Reilly, Nikita Kucherov - PP : Michael Bunting, Ryan O'Reilly - PK : Ryan O'Reilly
Extra Defensemen
Normal : Victor Hedman, Nikita Zadorov, Vince Dunn - PP : Victor Hedman - PK : Nikita Zadorov, Vince Dunn
Penalty Shots
Ryan O'Reilly, Michael Bunting, Nikita Kucherov, Tim Stutzle, Nick Bonino
% Time on Ice - Tampa Bay Lightning
Lines # - Real PCT - Wanted PCT - Time Play
Normal Forward
1 - 36% - 40% - 17:02
2 - 30% - 35% - 14:15
3 - 26% - 20% - 12:16
4 - 9% - 5% - 4:23
Normal Defense
1 - 41% - 40% - 19:38
2 - 35% - 35% - 16:36
3 - 23% - 25% - 10:51
4 - 2% - 0% - 0:51
PP Forward
1 - 47% - 50% - 1:00
2 - 53% - 50% - 1:09
PP Defense
1 - 64% - 50% - 1:23
2 - 36% - 50% - 0:46
PK Forward
1 - 49% - 50% - 4:54
2 - 51% - 50% - 5:01
PK Defense
1 - 48% - 50% - 4:47
2 - 52% - 50% - 5:08
PK3 Forward
1 - 0% - 50%
2 - 0% - 50%
PK3 Defense
1 - 0% - 50%
2 - 0% - 50%
44 Forward
1 - 52% - 50% - 2:36
2 - 48% - 50% - 2:24
44 Defense
1 - 56% - 50% - 2:47
2 - 44% - 50% - 2:13
Last Minute Offensive - 0:00
Last Minute Defensive - 0:00
Total
Forward - 65:00
Defense - 65:00
|
% Time on Ice - Colorado Rockies
Lines # - Real PCT - Wanted PCT - Time Play
Normal Forward
1 - 28% - 30% - 13:36
2 - 27% - 30% - 12:59
3 - 28% - 25% - 13:23
4 - 17% - 15% - 7:58
Normal Defense
1 - 44% - 42% - 21:00
2 - 35% - 36% - 16:55
3 - 21% - 22% - 10:01
4 - 0% - 0% - 0:00
PP Forward
1 - 50% - 50% - 4:58
2 - 50% - 50% - 4:57
PP Defense
1 - 50% - 50% - 4:56
2 - 50% - 50% - 4:59
PK Forward
1 - 47% - 50% - 1:00
2 - 53% - 50% - 1:09
PK Defense
1 - 57% - 50% - 1:13
2 - 43% - 50% - 0:56
PK3 Forward
1 - 0% - 50%
2 - 0% - 50%
PK3 Defense
1 - 0% - 50%
2 - 0% - 50%
44 Forward
1 - 47% - 50% - 2:21
2 - 53% - 50% - 2:39
44 Defense
1 - 60% - 50% - 3:01
2 - 40% - 50% - 1:59
Last Minute Offensive - 0:00
Last Minute Defensive - 0:00
Total
Forward - 65:00
Defense - 65:00
|
Play-by-Play
1st period
0:01 of 1st period - Ryan O'Reilly wins face-off versus Anze Kopitar in neutral zone.
0:08 of 1st period - Snap shot by Nikita Kucherov.
0:08 of 1st period - Shot Misses the Net.
1:10 of 1st period - Snap shot by Jakub Vrana.
1:10 of 1st period - Stopped by Filip Gustavsson without a rebound.
1:11 of 1st period - Nick Bonino wins face-off versus Anze Kopitar in Tampa Bay Lightning zone.
1:30 of 1st period - Snap shot by Kirill Kaprizov.
1:30 of 1st period - Shot Blocked by Nick Bonino.
1:32 of 1st period - Wrist shot by Anze Kopitar.
1:32 of 1st period - Shot Misses the Net.
1:34 of 1st period - Snap shot by Anze Kopitar.
1:34 of 1st period - Deflect By Kirill Kaprizov.
1:34 of 1st period - Stopped by Joey Daccord without a rebound.
1:35 of 1st period - Logan Couture wins face-off versus Ryan O'Reilly in Colorado Rockies zone.
2:53 of 1st period - Slapshot by Kyle Palmieri.
2:53 of 1st period - Stopped by Filip Gustavsson without a rebound.
2:54 of 1st period - Logan Couture wins face-off versus David Pastrnak in Tampa Bay Lightning zone.
2:59 of 1st period - David Pastrnak is hit by Dylan Cozens and loses puck.
3:54 of 1st period - Snap shot by Kyle Connor.
3:54 of 1st period - Shot Blocked by Anze Kopitar.
3:56 of 1st period - Slapshot by Victor Hedman.
3:56 of 1st period - Shot Blocked by Darnell Nurse.
4:41 of 1st period - Wrist shot by Michael Bunting.
4:41 of 1st period - Shot Blocked by Ryan Graves.
4:43 of 1st period - Wrist shot by Nick Schmaltz.
4:43 of 1st period - Shot Blocked by Michael Matheson.
4:45 of 1st period - Slapshot by Andrew Peeke.
4:45 of 1st period - Shot Misses the Net.
4:47 of 1st period - Slapshot by Andrew Peeke.
4:47 of 1st period - Stopped by Filip Gustavsson without a rebound.
4:48 of 1st period - Logan Couture wins face-off versus Ryan O'Reilly in Tampa Bay Lightning zone.
5:15 of 1st period - Hampus Lindholm is hit by David Pastrnak and loses puck.
5:24 of 1st period - Wrist shot by Kirill Kaprizov.
5:24 of 1st period - Stopped by Joey Daccord with a rebound.
7:03 of 1st period - Wrist shot by Jakub Vrana.
7:03 of 1st period - Shot Blocked by Darnell Nurse.
9:04 of 1st period - Slapshot by Jesper Bratt.
9:04 of 1st period - Shot Misses the Net.
9:06 of 1st period - Slapshot by Martin Fehervary.
9:06 of 1st period - Shot Blocked by Vladislav Gavrikov.
9:28 of 1st period - Snap shot by Nick Schmaltz.
9:28 of 1st period - Stopped by Filip Gustavsson without a rebound.
9:29 of 1st period - Roope Hintz wins face-off versus Nick Schmaltz in Tampa Bay Lightning zone.
10:00 of 1st period - Slapshot by Kevin Hayes.
10:00 of 1st period - Shot Blocked by Michael Matheson.
10:06 of 1st period - Wrist shot by Trevor Moore.
10:06 of 1st period - Stopped by Joey Daccord with a rebound.
10:08 of 1st period - Slapshot by Ryan Graves.
10:08 of 1st period - Deflect By Nick Schmaltz.
10:08 of 1st period - Stopped by Joey Daccord without a rebound.
10:09 of 1st period - Ryan O'Reilly wins face-off versus Logan Couture in Colorado Rockies zone.
10:25 of 1st period - Off-side.
10:26 of 1st period - Anze Kopitar wins face-off versus Tim Stutzle in neutral zone.
10:41 of 1st period - Snap shot by Kirill Kaprizov.
10:41 of 1st period - Deflect By Tim Stutzle.
10:41 of 1st period - Shot Misses the Net.
10:41 of 1st period - Puck is out of play.
10:42 of 1st period - Logan Couture wins face-off versus Ryan O'Reilly in Colorado Rockies zone.
10:50 of 1st period - Minor Penalty to Darnell Nurse for Hooking.
10:51 of 1st period - Logan Couture wins face-off versus Tim Stutzle in Tampa Bay Lightning zone.
11:24 of 1st period - Snap shot by Gustav Nyquist.
11:24 of 1st period - Shot Blocked by Nick Bonino.
11:27 of 1st period - Icing by Victor Hedman.
11:28 of 1st period - Nick Bonino wins face-off versus Dylan Cozens in Colorado Rockies zone.
11:39 of 1st period - Dylan Cozens is hit by Victor Hedman and loses puck.
11:56 of 1st period - Snap shot by Jesper Bratt.
11:56 of 1st period - Stopped by Filip Gustavsson without a rebound.
11:57 of 1st period - Tim Stutzle wins face-off versus Logan Couture in Tampa Bay Lightning zone.
11:58 of 1st period - Wrist shot by David Pastrnak.
11:58 of 1st period - Shot Misses the Net.
12:00 of 1st period - Slapshot by Vince Dunn.
12:00 of 1st period - Shot Misses the Net.
12:02 of 1st period - Slapshot by Andrew Peeke.
12:02 of 1st period - Deflect By Gustav Nyquist.
12:02 of 1st period - Stopped by Filip Gustavsson without a rebound.
12:03 of 1st period - Logan Couture wins face-off versus Tim Stutzle in Tampa Bay Lightning zone.
12:33 of 1st period - Wrist shot by Jesper Bratt.
12:33 of 1st period - Stopped by Filip Gustavsson without a rebound.
12:34 of 1st period - Ryan O'Reilly wins face-off versus Dylan Cozens in Tampa Bay Lightning zone.
12:37 of 1st period - Slapshot by Ryan O'Reilly.
12:37 of 1st period - Stopped by Filip Gustavsson without a rebound.
12:38 of 1st period - Dylan Cozens wins face-off versus Tim Stutzle in Tampa Bay Lightning zone.
12:50 of 1st period - Penalty to Darnell Nurse is over, Darnell Nurse is back on ice.
12:59 of 1st period - Kyle Connor is hit by Vladislav Gavrikov and loses puck.
13:28 of 1st period - Slapshot by Kevin Hayes.
13:28 of 1st period - Stopped by Filip Gustavsson without a rebound.
13:29 of 1st period - Nick Bonino wins face-off versus Anze Kopitar in Tampa Bay Lightning zone.
13:40 of 1st period - Wrist shot by Kyle Palmieri.
13:40 of 1st period - Shot Misses the Net.
14:08 of 1st period - Snap shot by Kirill Kaprizov.
14:08 of 1st period - Stopped by Joey Daccord with a rebound.
14:10 of 1st period - Wrist shot by Kirill Kaprizov.
14:10 of 1st period - Shot Misses the Net.
14:12 of 1st period - Snap shot by Kirill Kaprizov.
14:12 of 1st period - Shot Misses the Net.
14:21 of 1st period - Off-side.
14:22 of 1st period - Logan Couture wins face-off versus Ryan O'Reilly in neutral zone.
14:24 of 1st period - Off-side.
14:25 of 1st period - Ryan O'Reilly wins face-off versus Logan Couture in neutral zone.
14:39 of 1st period - Minor Penalty to Travis Konecny for Holding Stick.
14:40 of 1st period - Dylan Cozens wins face-off versus Tim Stutzle in Tampa Bay Lightning zone.
14:48 of 1st period - Slapshot by David Pastrnak.
14:48 of 1st period - Stopped by Filip Gustavsson without a rebound.
14:49 of 1st period - Tim Stutzle wins face-off versus Dylan Cozens in Tampa Bay Lightning zone.
14:52 of 1st period - Slapshot by Kyle Connor.
14:52 of 1st period - Deflect By Moritz Seider.
14:52 of 1st period - Shot Hit the Post.
14:52 of 1st period - Puck is out of play.
14:53 of 1st period - Dylan Cozens wins face-off versus Ryan O'Reilly in Tampa Bay Lightning zone.
16:39 of 1st period - Penalty to Travis Konecny is over, Travis Konecny is back on ice.
17:16 of 1st period - Nick Bonino is hit by Tomas Hertl and loses puck.
18:44 of 1st period - Logan Couture is hit by Vince Dunn and loses puck.
19:26 of 1st period - Snap shot by Tyler Toffoli.
19:26 of 1st period - Stopped by Joey Daccord without a rebound.
19:27 of 1st period - Anze Kopitar wins face-off versus Nick Bonino in Colorado Rockies zone.
Goals for this period are 0 for Tampa Bay Lightning vs 0 for Colorado Rockies.
Shots for this period are 6 for Tampa Bay Lightning vs 10 for Colorado Rockies.
2nd period
0:01 of 2nd period - Tim Stutzle wins face-off versus Logan Couture in neutral zone.
0:28 of 2nd period - Snap shot by Kirill Kaprizov.
0:28 of 2nd period - Shot Misses the Net.
0:34 of 2nd period - Moritz Seider is hit by Vince Dunn and loses puck.
0:59 of 2nd period - Wrist shot by Roope Hintz.
0:59 of 2nd period - Shot Misses the Net.
1:10 of 2nd period - Kyle Palmieri is hit by Tyler Toffoli and loses puck.
1:16 of 2nd period - Minor Penalty to Travis Konecny for Holding Stick.
1:17 of 2nd period - Logan Couture wins face-off versus Ryan O'Reilly in Tampa Bay Lightning zone.
1:43 of 2nd period - Vince Dunn is hit by Darnell Nurse and loses puck.
3:16 of 2nd period - Penalty to Travis Konecny is over, Travis Konecny is back on ice.
3:24 of 2nd period - Snap shot by Kirill Kaprizov.
3:24 of 2nd period - Stopped by Joey Daccord without a rebound.
3:25 of 2nd period - Nick Schmaltz wins face-off versus Tomas Hertl in Colorado Rockies zone.
4:03 of 2nd period - Martin Fehervary is hit by Kirill Kaprizov and loses puck.
4:10 of 2nd period - Snap shot by Kevin Hayes.
4:10 of 2nd period - Stopped by Filip Gustavsson without a rebound.
4:11 of 2nd period - Tim Stutzle wins face-off versus Roope Hintz in Tampa Bay Lightning zone.
4:16 of 2nd period - Snap shot by Tim Stutzle.
4:16 of 2nd period - Stopped by Filip Gustavsson with a rebound.
4:18 of 2nd period - Snap shot by David Pastrnak.
4:18 of 2nd period - Deflect By Jesper Bratt.
4:18 of 2nd period - Stopped by Filip Gustavsson without a rebound.
4:19 of 2nd period - Tim Stutzle wins face-off versus Logan Couture in Tampa Bay Lightning zone.
4:22 of 2nd period - Wrist shot by David Pastrnak.
4:22 of 2nd period - Shot Misses the Net.
4:24 of 2nd period - Snap shot by Jesper Bratt.
4:24 of 2nd period - Shot Blocked by Darnell Nurse.
4:26 of 2nd period - Backhand shot by Jesper Bratt.
4:26 of 2nd period - Shot Blocked by Logan Couture.
4:28 of 2nd period - Slapshot by Victor Hedman.
4:28 of 2nd period - Shot Misses the Net.
4:30 of 2nd period - Wrist shot by Tim Stutzle.
4:30 of 2nd period - Shot Blocked by Moritz Seider.
4:53 of 2nd period - Wrist shot by Tim Stutzle.
4:53 of 2nd period - Shot Blocked by Logan Couture.
4:55 of 2nd period - Snap shot by Tim Stutzle.
4:55 of 2nd period - Stopped by Filip Gustavsson with a rebound.
4:57 of 2nd period - Snap shot by David Pastrnak.
4:57 of 2nd period - Shot Misses the Net.
4:59 of 2nd period - Slapshot by Andrew Peeke.
4:59 of 2nd period - Stopped by Filip Gustavsson without a rebound.
5:00 of 2nd period - Anze Kopitar wins face-off versus Ryan O'Reilly in Tampa Bay Lightning zone.
5:17 of 2nd period - Snap shot by Nikita Kucherov.
5:17 of 2nd period - Deflect By Kyle Connor.
5:17 of 2nd period - Shot Blocked by Vladislav Gavrikov.
5:17 of 2nd period - Puck is out of play.
5:18 of 2nd period - Roope Hintz wins face-off versus Nick Schmaltz in Tampa Bay Lightning zone.
5:18 of 2nd period - Roope Hintz is hit by Andrew Peeke.
5:29 of 2nd period - Off-side.
5:30 of 2nd period - Logan Couture wins face-off versus Ryan O'Reilly in neutral zone.
5:57 of 2nd period - Victor Hedman is hit by Gustav Nyquist and loses puck.
6:02 of 2nd period - Snap shot by Gustav Nyquist.
6:02 of 2nd period - Shot Misses the Net.
6:04 of 2nd period - Slapshot by Gustav Nyquist.
6:04 of 2nd period - Stopped by Joey Daccord without a rebound.
6:05 of 2nd period - Tim Stutzle wins face-off versus Anze Kopitar in Colorado Rockies zone.
7:00 of 2nd period - Off-side.
7:01 of 2nd period - Anze Kopitar wins face-off versus Ryan O'Reilly in neutral zone.
7:03 of 2nd period - Off-side.
7:04 of 2nd period - Ryan O'Reilly wins face-off versus Anze Kopitar in neutral zone.
7:09 of 2nd period - Snap shot by Kyle Connor.
7:09 of 2nd period - Shot Blocked by Johnny Gaudreau.
7:17 of 2nd period - Kirill Kaprizov is hit by Ryan O'Reilly and loses puck.
7:44 of 2nd period - Snap shot by David Pastrnak.
7:44 of 2nd period - Shot Misses the Net.
7:54 of 2nd period - Andrew Peeke is hit by Hampus Lindholm and loses puck.
8:19 of 2nd period - Martin Fehervary is hit by Hampus Lindholm and loses puck.
9:21 of 2nd period - Wrist shot by Nick Schmaltz.
9:21 of 2nd period - Stopped by Filip Gustavsson without a rebound.
9:22 of 2nd period - Anze Kopitar wins face-off versus Nick Schmaltz in Tampa Bay Lightning zone.
9:28 of 2nd period - Anze Kopitar is hit by Michael Bunting.
9:47 of 2nd period - Backhand shot by Nick Schmaltz.
9:47 of 2nd period - Shot Misses the Net.
9:49 of 2nd period - Wrist shot by Nick Schmaltz.
9:49 of 2nd period - Shot Misses the Net.
9:51 of 2nd period - Wrist shot by Kevin Hayes.
9:51 of 2nd period - Stopped by Filip Gustavsson without a rebound.
9:52 of 2nd period - Tim Stutzle wins face-off versus Logan Couture in Tampa Bay Lightning zone.
9:57 of 2nd period - Slapshot by Jesper Bratt.
9:57 of 2nd period - Stopped by Filip Gustavsson without a rebound.
9:58 of 2nd period - Logan Couture wins face-off versus David Pastrnak in Tampa Bay Lightning zone.
10:05 of 2nd period - Dylan Cozens is hit by Victor Hedman and loses puck.
10:24 of 2nd period - Victor Hedman is hit by Kirill Kaprizov and loses puck.
10:31 of 2nd period - Wrist shot by Johnny Gaudreau.
10:31 of 2nd period - Deflect By Kirill Kaprizov.
10:31 of 2nd period - Stopped by Joey Daccord with a rebound.
10:33 of 2nd period - Slapshot by Moritz Seider.
10:33 of 2nd period - Shot Blocked by Victor Hedman.
10:35 of 2nd period - Wrist shot by Kirill Kaprizov.
10:35 of 2nd period - Shot Misses the Net.
10:53 of 2nd period - Slapshot by Nick Schmaltz.
10:53 of 2nd period - Stopped by Filip Gustavsson without a rebound.
10:54 of 2nd period - Nick Schmaltz wins face-off versus Logan Couture in Tampa Bay Lightning zone.
11:07 of 2nd period - Wrist shot by Travis Konecny.
11:07 of 2nd period - Shot Misses the Net.
11:21 of 2nd period - Anze Kopitar is hit by David Pastrnak and loses puck.
11:51 of 2nd period - Off-side.
11:52 of 2nd period - Logan Couture wins face-off versus Tim Stutzle in neutral zone.
12:04 of 2nd period - Off-side.
12:05 of 2nd period - Dylan Cozens wins face-off versus Ryan O'Reilly in neutral zone.
12:08 of 2nd period - Snap shot by Travis Konecny.
12:08 of 2nd period - Stopped by Joey Daccord with a rebound.
12:10 of 2nd period - Slapshot by Dylan Cozens.
12:10 of 2nd period - Shot Misses the Net.
12:12 of 2nd period - Slapshot by Moritz Seider.
12:12 of 2nd period - Shot Misses the Net.
12:14 of 2nd period - Backhand shot by Moritz Seider.
12:14 of 2nd period - Shot Blocked by Vince Dunn.
12:16 of 2nd period - Slapshot by Darnell Nurse.
12:16 of 2nd period - Stopped by Joey Daccord without a rebound.
12:17 of 2nd period - Ryan O'Reilly wins face-off versus Logan Couture in Colorado Rockies zone.
12:17 of 2nd period - Ryan O'Reilly is hit by Dylan Cozens.
13:18 of 2nd period - Snap shot by Trevor Moore.
13:18 of 2nd period - Stopped by Joey Daccord with a rebound.
13:32 of 2nd period - Slapshot by Tyler Toffoli.
13:32 of 2nd period - Shot Misses the Net.
14:15 of 2nd period - Snap shot by Gustav Nyquist.
14:15 of 2nd period - Shot Misses the Net.
14:17 of 2nd period - Slapshot by Ryan Graves.
14:17 of 2nd period - Stopped by Joey Daccord with a rebound.
14:19 of 2nd period - Slapshot by Michael Matheson.
14:19 of 2nd period - Deflect By Roope Hintz.
14:19 of 2nd period - Stopped by Joey Daccord with a rebound.
14:21 of 2nd period - Snap shot by Gustav Nyquist.
14:21 of 2nd period - Shot Misses the Net.
14:23 of 2nd period - Snap shot by Gustav Nyquist.
14:23 of 2nd period - Shot Misses the Net.
14:37 of 2nd period - Snap shot by Kirill Kaprizov.
14:37 of 2nd period - Shot Misses the Net.
15:35 of 2nd period - Slapshot by Tim Stutzle.
15:35 of 2nd period - Shot Misses the Net.
15:37 of 2nd period - Wrist shot by Tim Stutzle.
15:37 of 2nd period - Stopped by Filip Gustavsson with a rebound.
15:39 of 2nd period - Slapshot by Tim Stutzle.
15:39 of 2nd period - Shot Misses the Net.
15:41 of 2nd period - Snap shot by Vince Dunn.
15:41 of 2nd period - Stopped by Filip Gustavsson with a rebound.
15:59 of 2nd period - Snap shot by Nikita Kucherov.
15:59 of 2nd period - Deflect By Kyle Connor.
15:59 of 2nd period - Shot Misses the Net.
15:59 of 2nd period - Puck is out of play.
16:00 of 2nd period - Roope Hintz wins face-off versus Tim Stutzle in Tampa Bay Lightning zone.
17:27 of 2nd period - Off-side.
17:28 of 2nd period - Ryan O'Reilly wins face-off versus Logan Couture in neutral zone.
17:30 of 2nd period - Off-side.
17:31 of 2nd period - Anze Kopitar wins face-off versus Ryan O'Reilly in neutral zone.
17:31 of 2nd period - Johnny Gaudreau is hit by Ryan O'Reilly and loses puck.
17:42 of 2nd period - Snap shot by Kirill Kaprizov.
17:42 of 2nd period - Deflect By Anze Kopitar.
17:42 of 2nd period - Stopped by Joey Daccord with a rebound.
17:44 of 2nd period - Slapshot by Hampus Lindholm.
17:44 of 2nd period - Shot Misses the Net.
17:46 of 2nd period - Wrist shot by Kirill Kaprizov.
17:46 of 2nd period - Shot Hit the Post.
17:48 of 2nd period - Slapshot by Hampus Lindholm.
17:48 of 2nd period - Shot Misses the Net.
17:54 of 2nd period - Penalty Shot by Kyle Connor for Colorado Rockies.
17:54 of 2nd period - Deke by Kyle Connor.
17:54 of 2nd period - Goal by Kyle Connor - Tampa Bay Lightning : 0 - Colorado Rockies : 1.
17:55 of 2nd period - Tim Stutzle wins face-off versus Logan Couture in neutral zone.
17:56 of 2nd period - Tim Stutzle wins face-off versus Logan Couture in Colorado Rockies zone.
18:05 of 2nd period - Snap shot by David Pastrnak.
18:05 of 2nd period - Shot Blocked by Darnell Nurse.
18:44 of 2nd period - Icing by Kirill Kaprizov.
18:45 of 2nd period - Roope Hintz wins face-off versus Nick Schmaltz in Tampa Bay Lightning zone.
18:52 of 2nd period - Wrist shot by Nick Schmaltz.
18:52 of 2nd period - Shot Blocked by Moritz Seider.
18:54 of 2nd period - Slapshot by Martin Fehervary.
18:54 of 2nd period - Stopped by Filip Gustavsson without a rebound.
18:55 of 2nd period - Tim Stutzle wins face-off versus Travis Konecny in Tampa Bay Lightning zone.
19:10 of 2nd period - Snap shot by Dylan Cozens.
19:10 of 2nd period - Stopped by Joey Daccord without a rebound.
19:11 of 2nd period - Ryan O'Reilly wins face-off versus Anze Kopitar in Colorado Rockies zone.
19:20 of 2nd period - Snap shot by Kyle Connor.
19:20 of 2nd period - Stopped by Filip Gustavsson with a rebound.
19:26 of 2nd period - Kirill Kaprizov is hit by Ryan O'Reilly and loses puck.
19:33 of 2nd period - Nikita Kucherov is hit by Kirill Kaprizov and loses puck.
Goals for this period are 0 for Tampa Bay Lightning vs 1 for Colorado Rockies.
Shots for this period are 10 for Tampa Bay Lightning vs 13 for Colorado Rockies.
3rd period
0:01 of 3rd period - Logan Couture wins face-off versus Tim Stutzle in neutral zone.
0:03 of 3rd period - Off-side.
0:04 of 3rd period - Logan Couture wins face-off versus Tim Stutzle in neutral zone.
0:18 of 3rd period - Snap shot by Dylan Cozens.
0:18 of 3rd period - Goal by Dylan Cozens - Tampa Bay Lightning : 1 - Colorado Rockies : 1.
0:19 of 3rd period - Ryan O'Reilly wins face-off versus Anze Kopitar in neutral zone.
0:40 of 3rd period - Kirill Kaprizov is hit by Kyle Connor and loses puck.
1:11 of 3rd period - Snap shot by Trevor Moore.
1:11 of 3rd period - Stopped by Joey Daccord without a rebound.
1:12 of 3rd period - Nick Schmaltz wins face-off versus Roope Hintz in Colorado Rockies zone.
1:37 of 3rd period - Kevin Hayes is hit by Trevor Moore and loses puck.
1:46 of 3rd period - Wrist shot by Kevin Hayes.
1:46 of 3rd period - Shot Misses the Net.
1:54 of 3rd period - Snap shot by Nick Schmaltz.
1:54 of 3rd period - Stopped by Filip Gustavsson with a rebound.
1:56 of 3rd period - Wrist shot by Nick Schmaltz.
1:56 of 3rd period - Stopped by Filip Gustavsson with a rebound.
1:58 of 3rd period - Snap shot by Kevin Hayes.
1:58 of 3rd period - Stopped by Filip Gustavsson without a rebound.
1:59 of 3rd period - Anze Kopitar wins face-off versus Ryan O'Reilly in Tampa Bay Lightning zone.
1:59 of 3rd period - Anze Kopitar is hit by Nikita Kucherov.
2:13 of 3rd period - Wrist shot by Johnny Gaudreau.
2:13 of 3rd period - Shot Misses the Net.
2:21 of 3rd period - Minor Penalty to Kyle Connor for Roughing.
2:22 of 3rd period - Ryan O'Reilly wins face-off versus Logan Couture in Colorado Rockies zone.
4:21 of 3rd period - Penalty to Kyle Connor is over, Kyle Connor is back on ice.
4:24 of 3rd period - Slapshot by Darnell Nurse.
4:24 of 3rd period - Stopped by Joey Daccord with a rebound.
4:51 of 3rd period - Minor Penalty to Darnell Nurse for Roughing.
4:52 of 3rd period - Ryan O'Reilly wins face-off versus Logan Couture in Tampa Bay Lightning zone.
4:58 of 3rd period - Snap shot by Jesper Bratt.
4:58 of 3rd period - Shot Blocked by Ryan Graves.
5:00 of 3rd period - Wrist shot by Michael Bunting.
5:00 of 3rd period - Stopped by Filip Gustavsson without a rebound.
5:01 of 3rd period - Logan Couture wins face-off versus Jesper Bratt in Tampa Bay Lightning zone.
5:19 of 3rd period - Wrist shot by Jesper Bratt.
5:19 of 3rd period - Shot Misses the Net.
5:37 of 3rd period - Snap shot by Nikita Kucherov.
5:37 of 3rd period - Deflect By Moritz Seider.
5:37 of 3rd period - Stopped by Filip Gustavsson without a rebound.
5:38 of 3rd period - Dylan Cozens wins face-off versus Tim Stutzle in Tampa Bay Lightning zone.
6:51 of 3rd period - Penalty to Darnell Nurse is over, Darnell Nurse is back on ice.
6:51 of 3rd period - Ryan Graves is hit by David Pastrnak and loses puck.
7:02 of 3rd period - Kirill Kaprizov is hit by Nikita Kucherov and loses puck.
7:25 of 3rd period - Snap shot by Jakub Vrana.
7:25 of 3rd period - Shot Misses the Net.
8:13 of 3rd period - Snap shot by Tyler Toffoli.
8:13 of 3rd period - Shot Misses the Net.
10:18 of 3rd period - Slapshot by Nick Schmaltz.
10:18 of 3rd period - Stopped by Filip Gustavsson without a rebound.
10:19 of 3rd period - Anze Kopitar wins face-off versus Nick Schmaltz in Tampa Bay Lightning zone.
10:28 of 3rd period - Wrist shot by Kirill Kaprizov.
10:28 of 3rd period - Stopped by Joey Daccord with a rebound.
10:30 of 3rd period - Slapshot by Kirill Kaprizov.
10:30 of 3rd period - Shot Misses the Net.
10:32 of 3rd period - Slapshot by Darnell Nurse.
10:32 of 3rd period - Stopped by Joey Daccord without a rebound.
10:33 of 3rd period - Dylan Cozens wins face-off versus Ryan O'Reilly in Colorado Rockies zone.
10:46 of 3rd period - Wrist shot by Kyle Connor.
10:46 of 3rd period - Shot Blocked by Moritz Seider.
10:48 of 3rd period - Snap shot by Kyle Connor.
10:48 of 3rd period - Stopped by Filip Gustavsson without a rebound.
10:49 of 3rd period - Tim Stutzle wins face-off versus Johnny Gaudreau in Tampa Bay Lightning zone.
11:11 of 3rd period - Johnny Gaudreau is hit by David Pastrnak and loses puck.
11:39 of 3rd period - Minor Penalty to Darnell Nurse for Interference.
11:40 of 3rd period - Tim Stutzle wins face-off versus Dylan Cozens in Tampa Bay Lightning zone.
12:13 of 3rd period - Slapshot by Nikita Kucherov.
12:13 of 3rd period - Shot Misses the Net.
12:15 of 3rd period - Slapshot by Victor Hedman.
12:15 of 3rd period - Stopped by Filip Gustavsson with a rebound.
12:17 of 3rd period - Slapshot by Nikita Kucherov.
12:17 of 3rd period - Deflect By Ryan O'Reilly.
12:17 of 3rd period - Shot Blocked by Dylan Cozens.
12:17 of 3rd period - Puck is out of play.
12:18 of 3rd period - Logan Couture wins face-off versus Tim Stutzle in Tampa Bay Lightning zone.
12:18 of 3rd period - Logan Couture is hit by Tim Stutzle.
12:32 of 3rd period - Snap shot by Kyle Connor.
12:32 of 3rd period - Shot Misses the Net.
12:34 of 3rd period - Slapshot by Tim Stutzle.
12:34 of 3rd period - Stopped by Filip Gustavsson without a rebound.
12:35 of 3rd period - Ryan O'Reilly wins face-off versus Dylan Cozens in Tampa Bay Lightning zone.
12:38 of 3rd period - Snap shot by Ryan O'Reilly.
12:38 of 3rd period - Shot Blocked by Hampus Lindholm.
12:40 of 3rd period - Slapshot by Andrew Peeke.
12:40 of 3rd period - Stopped by Filip Gustavsson without a rebound.
12:41 of 3rd period - Dylan Cozens wins face-off versus Ryan O'Reilly in Tampa Bay Lightning zone.
13:07 of 3rd period - Snap shot by Logan Couture.
13:07 of 3rd period - Deflect By Gustav Nyquist.
13:07 of 3rd period - Stopped by Joey Daccord without a rebound.
13:08 of 3rd period - Logan Couture wins face-off versus Kyle Connor in Colorado Rockies zone.
13:31 of 3rd period - Wrist shot by Tim Stutzle.
13:31 of 3rd period - Shot Misses the Net.
13:39 of 3rd period - Penalty to Darnell Nurse is over, Darnell Nurse is back on ice.
13:47 of 3rd period - Wrist shot by Tim Stutzle.
13:47 of 3rd period - Shot Blocked by Ryan Graves.
13:49 of 3rd period - Wrist shot by David Pastrnak.
13:49 of 3rd period - Shot Blocked by Trevor Moore.
13:51 of 3rd period - Snap shot by David Pastrnak.
13:51 of 3rd period - Shot Misses the Net.
13:53 of 3rd period - Slapshot by Vince Dunn.
13:53 of 3rd period - Deflect By Kyle Connor.
13:53 of 3rd period - Goal by Kyle Connor - Tampa Bay Lightning : 1 - Colorado Rockies : 2.
13:54 of 3rd period - Anze Kopitar wins face-off versus Michael Bunting in neutral zone.
14:21 of 3rd period - Kyle Palmieri is hit by Travis Konecny.
14:25 of 3rd period - Slapshot by Logan Couture.
14:25 of 3rd period - Stopped by Joey Daccord with a rebound.
14:28 of 3rd period - Icing by Vince Dunn.
14:29 of 3rd period - Logan Couture wins face-off versus Nick Bonino in Colorado Rockies zone.
14:30 of 3rd period - Snap shot by Travis Konecny.
14:30 of 3rd period - Shot Misses the Net.
14:40 of 3rd period - Snap shot by Dylan Cozens.
14:40 of 3rd period - Stopped by Joey Daccord with a rebound.
14:49 of 3rd period - Vince Dunn is hit by Darnell Nurse and loses puck.
15:08 of 3rd period - Slapshot by Kyle Palmieri.
15:08 of 3rd period - Stopped by Filip Gustavsson without a rebound.
15:09 of 3rd period - Nick Schmaltz wins face-off versus Roope Hintz in Tampa Bay Lightning zone.
15:12 of 3rd period - Wrist shot by Nick Schmaltz.
15:12 of 3rd period - Stopped by Filip Gustavsson without a rebound.
15:13 of 3rd period - Nick Schmaltz wins face-off versus Roope Hintz in Tampa Bay Lightning zone.
16:23 of 3rd period - Roope Hintz is hit by Tim Stutzle and loses puck.
16:48 of 3rd period - Johnny Gaudreau is hit by Nikita Kucherov and loses puck.
17:09 of 3rd period - Dylan Cozens is hit by Timothy Liljegren and loses puck.
17:34 of 3rd period - Snap shot by Jesper Bratt.
17:34 of 3rd period - Shot Misses the Net.
17:54 of 3rd period - Wrist shot by Hampus Lindholm.
17:54 of 3rd period - Shot Blocked by Victor Hedman.
17:56 of 3rd period - Backhand shot by Trevor Moore.
17:56 of 3rd period - Stopped by Joey Daccord without a rebound.
17:57 of 3rd period - Johnny Gaudreau wins face-off versus Nick Schmaltz in Colorado Rockies zone.
18:12 of 3rd period - Wrist shot by Anze Kopitar.
18:12 of 3rd period - Stopped by Joey Daccord with a rebound.
18:20 of 3rd period - Minor Penalty to Martin Fehervary for Hooking.
18:21 of 3rd period - Anze Kopitar wins face-off versus Nick Bonino in Colorado Rockies zone.
18:30 of 3rd period - Tampa Bay Lightning, Filip Gustavsson is pulled from the net.
18:30 of 3rd period - Wrist shot by Roope Hintz.
18:30 of 3rd period - Goal by Roope Hintz - Tampa Bay Lightning : 2 - Colorado Rockies : 2.
18:30 of 3rd period - Filip Gustavsson from Tampa Bay Lightning was sent back in the game.
18:31 of 3rd period - Trevor Moore wins face-off versus Nick Schmaltz in neutral zone.
18:34 of 3rd period - Kevin Hayes is hit by Moritz Seider and loses puck.
19:07 of 3rd period - Slapshot by Moritz Seider.
19:07 of 3rd period - Shot Blocked by Vince Dunn.
19:21 of 3rd period - Snap shot by Roope Hintz.
19:21 of 3rd period - Shot Blocked by Jakub Vrana.
19:23 of 3rd period - Slapshot by Moritz Seider.
19:23 of 3rd period - Shot Blocked by Victor Hedman.
19:25 of 3rd period - Snap shot by Trevor Moore.
19:25 of 3rd period - Shot Blocked by Nick Bonino.
19:27 of 3rd period - Slapshot by Darnell Nurse.
19:27 of 3rd period - Stopped by Joey Daccord with a rebound.
19:29 of 3rd period - Snap shot by Roope Hintz.
19:29 of 3rd period - Stopped by Joey Daccord with a rebound.
19:37 of 3rd period - Snap shot by Gustav Nyquist.
19:37 of 3rd period - Stopped by Joey Daccord without a rebound.
19:38 of 3rd period - Logan Couture wins face-off versus Nick Schmaltz in Colorado Rockies zone.
19:45 of 3rd period - Snap shot by Travis Konecny.
19:45 of 3rd period - Shot Misses the Net.
19:47 of 3rd period - Wrist shot by Dylan Cozens.
19:47 of 3rd period - Stopped by Joey Daccord without a rebound.
19:48 of 3rd period - Logan Couture wins face-off versus Nick Schmaltz in Colorado Rockies zone.
Goals for this period are 2 for Tampa Bay Lightning vs 1 for Colorado Rockies.
Shots for this period are 15 for Tampa Bay Lightning vs 13 for Colorado Rockies.
Overtime #1
0:01 of 1st overtime period - Tim Stutzle wins face-off versus Anze Kopitar in neutral zone.
0:08 of 1st overtime period - Slapshot by Tim Stutzle.
0:08 of 1st overtime period - Shot Misses the Net.
0:10 of 1st overtime period - Slapshot by Victor Hedman.
0:10 of 1st overtime period - Stopped by Filip Gustavsson without a rebound.
0:11 of 1st overtime period - Logan Couture wins face-off versus Ryan O'Reilly in Tampa Bay Lightning zone.
0:22 of 1st overtime period - Slapshot by Michael Matheson.
0:22 of 1st overtime period - Deflect By David Pastrnak.
0:22 of 1st overtime period - Stopped by Joey Daccord without a rebound.
0:23 of 1st overtime period - Anze Kopitar wins face-off versus Tim Stutzle in Colorado Rockies zone.
0:24 of 1st overtime period - Wrist shot by Dylan Cozens.
0:24 of 1st overtime period - Stopped by Joey Daccord without a rebound.
0:25 of 1st overtime period - Tim Stutzle wins face-off versus Anze Kopitar in Colorado Rockies zone.
0:30 of 1st overtime period - Slapshot by Victor Hedman.
0:30 of 1st overtime period - Shot Blocked by Anze Kopitar.
0:32 of 1st overtime period - Slapshot by Victor Hedman.
0:32 of 1st overtime period - Stopped by Filip Gustavsson with a rebound.
0:34 of 1st overtime period - Snap shot by Vince Dunn.
0:34 of 1st overtime period - Stopped by Filip Gustavsson with a rebound.
1:45 of 1st overtime period - Icing by Michael Matheson.
1:46 of 1st overtime period - Anze Kopitar wins face-off versus Tim Stutzle in Tampa Bay Lightning zone.
3:35 of 1st overtime period - Darnell Nurse is hit by Tim Stutzle and loses puck.
3:52 of 1st overtime period - Snap shot by Nikita Kucherov.
3:52 of 1st overtime period - Shot Blocked by Moritz Seider.
3:58 of 1st overtime period - Jesper Bratt is hit by Tomas Hertl and loses puck.
4:06 of 1st overtime period - Icing by Vince Dunn.
4:07 of 1st overtime period - Anze Kopitar wins face-off versus Michael Bunting in Colorado Rockies zone.
Goals for this period are 0 for Tampa Bay Lightning vs 0 for Colorado Rockies.
Shots for this period are 2 for Tampa Bay Lightning vs 3 for Colorado Rockies.
ShootOut
5:00 of 1st overtime period - Round #1.
5:00 of 1st overtime period - Tampa Bay Lightning, Gustav Nyquist.
5:00 of 1st overtime period - Snap shot by Gustav Nyquist.
5:00 of 1st overtime period - Stopped by Joey Daccord.
5:00 of 1st overtime period - Colorado Rockies, Ryan O'Reilly.
5:00 of 1st overtime period - Deke by Ryan O'Reilly.
5:00 of 1st overtime period - Goal by Ryan O'Reilly.
5:00 of 1st overtime period - Round #2.
5:00 of 1st overtime period - Tampa Bay Lightning, Kirill Kaprizov.
5:00 of 1st overtime period - Wrist shot by Kirill Kaprizov.
5:00 of 1st overtime period - Goal by Kirill Kaprizov.
5:00 of 1st overtime period - Colorado Rockies, Michael Bunting.
5:00 of 1st overtime period - Backhand shot by Michael Bunting.
5:00 of 1st overtime period - Goal by Michael Bunting.
5:00 of 1st overtime period - Round #3.
5:00 of 1st overtime period - Tampa Bay Lightning, Logan Couture.
5:00 of 1st overtime period - Wrist shot by Logan Couture.
5:00 of 1st overtime period - Stopped by Joey Daccord.
Back to the Top